 Dungeon Crawl Stone Soup version 0.28.0-53-g5a82cb258f (webtiles) character file.

Game seed: 5389011339611746004

209 Gabide the Ducker (level 6, -6/49 HPs)
             Began as a Human Monk on May 29, 2022.
             Killed from afar by an orc (30 damage)
             ... with a bolt of acid
             ... on level 3 of the Dungeon.
             The game lasted 00:02:45 (2688 turns).

Gabide the Ducker (Human Monk)                      Turns: 2688, Time: 00:02:46

Health: -6/49      AC:  3    Str: 11    XL:     6   Next: 12%
Magic:  6/6        EV: 14    Int: 11    God:
Gold:   103        SH:  0    Dex: 17    Spells: 5/5 levels left

rFire   . . .      SeeInvis .   a - +0 spear
rCold   . . .      Faith    .   (no shield)
rNeg    . . .      Spirit   .   b - +0 robe
rPois   .          Reflect  .   (no helmet)
rElec   .          Harm     .   c - +0 cloak
rCorr   .          Rampage  .   (no gloves)
Will    .....                   (no boots)
Stlth   ++........              (no amulet)
HPRegen 0.16/turn               (no ring)
MPRegen 0.10/turn               (no ring)

@: no status effects
A: no striking features
a: no special abilities


You were on level 3 of the Dungeon.
You visited 1 branch of the dungeon, and saw 3 of its levels.

You collected 103 gold pieces.

Inventory:

Hand Weapons
 a - a +0 spear (weapon)
Armour
 b - a +0 robe (worn)
 c - a +0 cloak (worn)
Wands
 j - a wand of polymorph (8)
Scrolls
 e - 2 scrolls of teleportation {unknown}
 g - a scroll of brand weapon {unknown}
 h - a scroll of noise {unknown}
 i - a scroll of blinking {unknown}
 k - a scroll of immolation {unknown}
 l - a scroll of magic mapping {unknown}
Potions
 d - 2 potions of heal wounds
 f - a potion of degeneration {unknown}
 m - a potion of attraction {unknown}
 n - a potion of mutation {unknown}


   Skills:
 + Level 4.3 Fighting
 + Level 4.3 Polearms
 + Level 4.3 Dodging
 - Level 2.0 Stealth


You had 5 spell levels left.
You didn't know any spells.
Your spell library was empty.

Dungeon Overview and Level Annotations

Branches:
Dungeon (3/15)

Altars:


Message History

You are too injured to fight recklessly!
You are too injured to fight recklessly!
You are too injured to fight recklessly!
You are too injured to fight recklessly!
You hit the orc.
You kill the orc!
You hit the orc but do no damage. The orc barely misses you.
You closely miss the orc. The orc closely misses you.
You hit the endoplasm but do no damage.
The orc zaps a wand.
The bolt of acid misses you.
The endoplasm hits you but does no damage.
You hit the endoplasm.
The endoplasm is severely wounded.
The orc hits you with a +0 hand axe. The endoplasm freezes you.
You are frozen.
* * * LOW HITPOINT WARNING * * *
You hit the endoplasm.
The endoplasm is almost dead.
You hit the endoplasm.
You kill the endoplasm!
The orc barely misses you.
You feel much better. The orc closely misses you.
You closely miss the orc. The orc barely misses you.
You hit the orc but do no damage. The orc hits you with a +0 hand axe.
You hit the orc but do no damage. The orc misses you.
You hit the orc.
The orc is lightly wounded.
The orc closely misses you.
You hit the orc but do no damage.
The orc is lightly wounded.
The orc hits you with a +0 hand axe.
You hit the orc.
The orc is almost dead.
The orc barely misses you.
You closely miss the orc.
The orc is almost dead.
The orc zaps a wand.
The bolt of acid hits you!!
Ouch! That really hurt!
You die...

####### #.....# ######## #
#.....# #.@oo..# # #.....#
#.####.# #
###.<...#######.#....#.##.#.
.....................o.J....
.#########.####.#.#..#.##.#.
..# #...........#.#..#...
#.###.####.######.#..# ##.#
......<.......# #.#..# #
##.#....##....# #.#..#


You could see 2 orcs.

Vanquished Creatures
  A necrophage (D:3)
  Ijyb (D:3)
  4 adders
  A worm (D:2)
  A dart slug (D:2)
  An orc (D:3)
  4 ball pythons (D:1)
  5 bats
  6 endoplasms
  A giant cockroach (D:1)
  6 goblins
  7 hobgoblins (D:1)
  6 kobolds
  4 quokkas
  2 frilled lizards
  3 rats
53 creatures vanquished.

Notes
Turn   | Place    | Note
-------+----------+-------------------------------------------
     0 | D:1      | Gabide the Human Monk began the quest for the Orb.
     0 | D:1      | Reached XP level 1. HP: 18/18 MP: 1/1
    61 | D:1      | Reached XP level 2. HP: 24/24 MP: 2/2
   598 | D:1      | Reached XP level 3. HP: 28/29 MP: 3/3
  1918 | D:2      | Reached XP level 4. HP: 35/35 MP: 4/4
  1923 | D:2      | Found a faded altar of an unknown god.
  2324 | D:3      | Noticed Ijyb
  2338 | D:3      | Killed Ijyb
  2339 | D:3      | Reached XP level 5. HP: 42/42 MP: 5/5
  2341 | D:3      | Noticed a necrophage
  2364 | D:3      | Killed a necrophage
  2501 | D:3      | Reached XP level 6. HP: 48/48 MP: 6/6
  2688 | D:3      | Killed from afar by an orc

Illustrated notes

Levels and vault maps discovered:
D:1:      dpeg_arrival_shrine, layout_loops_cross
D:2:      layout_rooms, dreamdust_ecumenical_altar_sealed_demon
D:3:      layout_basic, nicolae_uskayaw_en_pointe, minivault_14, uniq_ijyb

Skill      XL: |  1  2  3  4  5 |
---------------+----------------+-----
Fighting       | 4 |  4.3
Polearms       | 4 |  4.3
Dodging        | 4 |  4.3
Stealth        | |  2.0

Action                   |  1- 3 |  4- 6 || total
-------------------------+-------+-------++-------
Melee: Spear             |   172 |    77 ||   249
       Punch             |     3 |     2 ||     5
       Unarmed           |       |     8 ||     8
  Use: Potion            |       |     2 ||     2
 Stab: Sleeping          |     7 |     3 ||    10
       Distracted        |     1 |     1 ||     2
       Confused          |       |     2 ||     2
Armor: Robe              |    28 |    10 ||    38
       Skin              |       |     1 ||     1
Dodge: Dodged            |    92 |    43 ||   135
